 Dungeon Crawl Stone Soup version 0.29-a0-362-g5854e031c7 (webtiles) character file.

Game seed: 5311854955665921618

207 Enlil the Sneak (level 5, -2/28 HPs)
             Began as a Gargoyle Enchanter on Apr 29, 2022.
             Slain by a gnoll
             ... wielding a +0 flail
              (10 damage)
             ... on level 3 of the Dungeon.
             The game lasted 00:10:43 (3542 turns).

Enlil the Sneak (Gargoyle Enchanter)                Turns: 3542, Time: 00:10:44

Health: -2/28      AC:  6    Str: 13    XL:     5   Next: 85%
Magic:  6/9        EV: 12    Int: 16    God:
Gold:   144        SH:  0    Dex: 10    Spells: 7/10 levels left

rFire   . . .      SeeInvis .   a - +1 dagger
rCold   . . .      Faith    .   (no shield)
rNeg    + . .      Spirit   .   b - +0 robe
rPois   ∞          Reflect  .   (no helmet)
rElec   +          Harm     .   (no cloak)
rCorr   .          Rampage  .   (no gloves)
Will    .....                   (no boots)
Stlth   ++........              f - amulet of regeneration
HPRegen 0.89/turn               (no ring)
MPRegen 0.11/turn               (no ring)

@: no status effects
A: sickness immunity, AC +4, negative energy resistance 1, electricity
resistance, torment resistance 1, petrification resistance
a: no special abilities


You were on level 3 of the Dungeon.
You visited 1 branch of the dungeon, and saw 3 of its levels.

You collected 144 gold pieces.

Inventory:

Hand Weapons
 a - a +1 dagger (weapon)
Missiles
 d - 3 throwing nets (quivered)
Armour
 b - a +0 robe (worn)
Jewellery
 f - an amulet of regeneration (around neck)
Scrolls
 h - 3 scrolls of identify
 i - a scroll of enchant weapon {unknown}
 j - a scroll of teleportation
Potions
 c - 2 potions of invisibility
 e - 2 potions of lignification
 g - a potion of flight


   Skills:
 + Level 2.2 Short Blades
 + Level 2.5 Dodging
 + Level 4.5 Stealth
 + Level 3.0 Spellcasting
 + Level 3.4 Hexes


You had 7 spell levels left.
You knew the following spells:

 Your Spells              Type           Power      Damage    Failure   Level
a - Confusing Touch       Hex            13%        N/A       14%         3

Your spell library contained the following spells:

 Spells                   Type           Power      Damage    Failure   Level
 Ensorcelled Hibernation  Hex/Ice        14%        N/A       14%         2
 Tukima's Dance           Hex            13%        N/A       14%         3
 Dazzling Flash           Conj/Hex       14%        N/A       28%         3
 Portal Projectile        Hex/Tloc       14%        N/A       28%         3
 Blade Hands              Tmut           1%         N/A       99%         5
 Excruciating Wounds      Necr           1%         N/A       99%         5


Dungeon Overview and Level Annotations

Branches:
Dungeon (3/15)

Altars:

Shops:
D:1 (


Innate Abilities, Weirdness & Mutations

You are immune to sickness and miasma.
Your stone body is resilient. (AC +4)
You are immune to poison.
You resist negative energy. (rN+)
You are resistant to electric shocks. (rElec)
You are resistant to unholy torment.
You are immune to petrification.


Message History

The bat misses you.
You hit the bat.
The bat is severely wounded.
The bat misses you.
You closely miss the bat.
The bat is severely wounded.
The bat closely misses you.
You hit the gnoll.
The gnoll is moderately wounded.
The gnoll hits you with a +0 flail! The gnoll attacks as you move away!
The gnoll hits you but does no damage. The gnoll hits you with a +0 club.
You hit the gnoll.
The gnoll is lightly wounded.
The gnoll hits you with a +0 flail.
You hit the gnoll but do no damage.
The gnoll is lightly wounded.
The gnoll closely misses you.
You hit the gnoll.
The gnoll is heavily wounded.
The gnoll hits you with a +0 flail!
You are too injured to fight recklessly!
Casting: Confusing Touch (quite dangerous; 14% risk of failure)
Confirm with . or Enter, or press ? or * to list all spells.
The spell is quite dangerous to miscast (14% risk of failure)!
Continue anyway?
Your hands begin to glow red.
The gnoll hits you with a +0 flail.
You barely miss the gnoll.
The gnoll is heavily wounded.
You hit the gnoll but do no damage.
The gnoll appears confused.
The gnoll is heavily wounded.
The gnoll hits you with a +0 flail.
* * * LOW HITPOINT WARNING * * *
You strike the helpless gnoll from behind!
You puncture the gnoll!
You kill the gnoll!
Your Spellcasting skill increases to level 3!
You hit the gnoll.
The gnoll is lightly wounded.
The gnoll hits you with a +0 flail!
You die...

#># .# #.# g# #.# ##g##
#.## ####...#### #..##
#.b........
##########†#.## #.##...#
..........###.# #.b...#
.....#####.#.#####g#####
.....#####......@gg#
..............####.#
.###.########.# #.# ##
#.# #.# #.# # #.# #.#
#.# # #.# #.# #.# #.#
..# #.# #.# ... ..
####.#


You could see 3 gnolls and a bat.

Vanquished Creatures
  An ice beast (D:3)
  Terence (D:2)
  A gnoll (D:3)
  An adder (D:3)
  2 worms (D:2)
  2 dart slugs (D:1)
  A ball python (D:1)
  4 bats
  7 endoplasms
  A giant cockroach (D:1)
  9 hobgoblins
  9 jackals
  2 quokkas
  4 frilled lizards
  9 goblins
  2 kobolds (D:2)
  3 rats
59 creatures vanquished.

Vanquished Creatures (others)
  2 plants (D:3)
2 creatures vanquished.

Grand Total: 61 creatures vanquished

Notes
Turn   | Place    | Note
-------+----------+-------------------------------------------
     0 | D:1      | Enlil the Gargoyle Enchanter began the quest for the Orb.
     0 | D:1      | Reached XP level 1. HP: 10/10 MP: 3/3
     8 | D:1      | Found Rourgh's Antique Weapon Shoppe.
   201 | D:1      | Reached skill level 1 in Short Blades
   599 | D:1      | Reached XP level 2. HP: 14/15 MP: 5/5
  1057 | D:1      | Found a faded altar of an unknown god.
  1260 | D:1      | Reached XP level 3. HP: 19/19 MP: 6/6
  1817 | D:2      | Learned a level 3 spell: Confusing Touch
  1995 | D:2      | Noticed Terence
  2022 | D:2      | Killed Terence
  2023 | D:2      | Reached XP level 4. HP: 21/24 MP: 2/7
  2182 | D:2      | Reached skill level 4 in Stealth
  2437 | D:2      | Gained mutation: You have hidden genetic defects. [potion
                  | of mutation]
  2437 | D:2      | Lost mutation: You have hidden genetic defects. [potion of
                  | mutation]
  3173 | D:3      | Noticed an ice beast
  3207 | D:3      | Killed an ice beast
  3208 | D:3      | Reached XP level 5. HP: 7/28 MP: 0/9
  3542 | D:3      | Slain by a gnoll

Illustrated notes

Levels and vault maps discovered:
D:1:      dpeg_arrival_shrine, layout_basic, ebering_ecumenical_altar_mist,
          serial_shops, nicolae_diamond_shop
D:2:      layout_loops_ring, serial_co_window_serial,
          co_window_of_opportunity_a, co_window_corner_a, co_window_paths_a,
          co_window_paths_a, co_window_paths_a, co_window_of_opportunity_b,
          co_window_2corner, co_window_corner_ca, co_window_sun,
          co_window_4corner_b, glass_columns_c, glass_columns_c,
          glass_columns_c, uniq_terence
D:3:      layout_loops_ring, serial_forest, infiniplex_forest_lined_corner,
          infiniplex_forest_clump_C, infiniplex_forest_clump_small,
          infiniplex_forest_lined_2, infiniplex_forest_straight_4,
          infiniplex_forest_corner_1, hangedman_decor_clover_reticule,
          mrwooster_statue_mirror, minmay_misc_feat_five,
          kennysheep_minor_cross, uniq_natasha

Skill      XL: |  1  2  3  4  5 |
---------------+----------------+-----
Short Blades   | 1 2 |  2.2
Dodging        | 2 |  2.5
Hexes          | 3 |  3.4
Stealth        | 4 |  4.5
Spellcasting   | 3 |  3.0

Action                   |  1- 3 |  4- 6 || total
-------------------------+-------+-------++-------
Melee: Dagger            |   151 |   164 ||   315
       Punch             |     3 |     3 ||     6
 Cast: Confusing Touch   |     3 |     5 ||     8
  Use: Scroll            |     4 |       ||     4
       Potion            |     4 |     3 ||     7
 Stab: Sleeping          |     6 |     4 ||    10
       Confused          |     1 |     6 ||     7
Armor: Robe              |    47 |    35 ||    82
Dodge: Dodged            |   100 |    62 ||   162

Table legend: (Time is in decaauts)
 A = Elapsed time spent in this place.
 B = Non-inter-level travel time spent in this place.
 C = Inter-level travel time spent in this place.
 D = Time resting spent in this place.
 E = Time spent auto-exploring this place.
 F = Levels seen in this place.
 G = Mean time per level.
                   A        B        C        D        E       F      G
               +--------+--------+--------+--------+--------+-----+--------+
         Total |   3509 |   3477 |     32 |    927 |   1598 |   3 | 1169.7 |
       Dungeon |   3509 |   3477 |     32 |    927 |   1598 |   3 | 1169.7 |
               +--------+--------+--------+--------+--------+-----+--------+

Top non-repeatable levels by time:
     D:1: 1632 daAuts
     D:2: 1412 daAuts
     D:3: 464 daAuts
